AoeStats
← [FCH] Hothir

Arena

505658381Analyzed
1v1 RM · 22d ago on Sep 10, 2026· 18m 0s· 2 players
Game mode
Random Map
Map size
Tiny (2 player)
Population
200
Speed
Normal
Resources
Standard
Victory
Conquest
Starting age
Dark Age
Ending age
Imperial Age
RankedLock teamsTeams togetherTeam positionsShared explorationLock speedFull tech treeHidden civsTurbo modeCheats
Victory
Defeat
🇷🇺 Turks · Russia
1147
+16
🇺🇸 Portuguese · United States
1149
-16
tag
10:29 Feudal Age
9:16 Loom
14:55 Castle Age
13:07 Double-Bit Axe
13:03 Horse Collar
15:50 Bow Saw
[FCH] Hothir
10:34 Feudal Age
8:51 Loom
14:26 Castle Age
13:10 Forging
Connection lost

Rejoining the realm…

Still unreachable

The connection could not be restored.

Session expired

The server has moved on; the page needs a fresh start.